 Dungeon Crawl Stone Soup version 0.25-a0-975-gcae8493d64 (webtiles) character file.

Game seed: 17645551230374367827, levelgen mode: deterministic

475 Flugslaktarn the Chopper (level 7, -1/61 HPs)
             Began as a Hill Orc Fighter on May 9, 2020.
             Slain by Pikel
             ... wielding a +0 whip of electrocution
              (4 damage)
             ... on level 4 of the Dungeon.
             The game lasted 00:01:51 (4054 turns).

Flugslaktarn the Chopper (Hill Orc Fighter)         Turns: 4054, Time: 00:01:51

Health: -1/61      AC: 11    Str: 19    XL:     7   Next: 10%
Magic:  7/7        EV:  5    Int:  8    God:
Gold:   149        SH:  9    Dex: 12    Spells: 6/6 levels left

rFire    . . .     SeeInvis .   a - +0 war axe
rCold    . . .     Gourm    .   c - +0 kite shield
rNeg     . . .     Faith    .   n - +0 chain mail
rPois    .         Spirit   .   q - +1 helmet
rElec    .         Reflect  .   (no cloak)
rCorr    .         Harm     .   (no gloves)
MR       .....                  (no boots)
Stlth    ..........             (no amulet)
HPRegen  0.20/turn              (no ring)
MPRegen  0.10/turn              (no ring)

@: lethally poisoned (-1 -> -2)
A: no striking features
a: no special abilities


You were on level 4 of the Dungeon.
You were not hungry.

You visited 1 branch of the dungeon, and saw 4 of its levels.

You collected 149 gold pieces.

Inventory:

Hand Weapons
 a - a +0 war axe (weapon)
Armour
 c - a +0 kite shield (worn)
 n - a +0 chain mail (worn)
   (You found it on level 2 of the Dungeon)
 q - a +1 helmet (worn)
   (You found it on level 3 of the Dungeon)
Jewellery
 t - an uncursed ring of resist corrosion {unknown}
   (You found it on level 3 of the Dungeon)
Scrolls
 f - 2 scrolls of blinking {unknown}
 g - a scroll of amnesia {unknown}
 h - 3 scrolls of noise {unknown}
 i - a scroll of immolation {unknown}
 j - a scroll of magic mapping {unknown}
 k - 2 scrolls of remove curse {unknown}
 l - a scroll of enchant armour {unknown}
 m - 4 scrolls of identify {unknown}
 u - a scroll of enchant weapon {unknown}
Potions
 b - a potion of brilliance {unknown}
 d - 2 potions of might
 o - a potion of degeneration {unknown}
 p - a potion of mutation {unknown}
 s - 2 potions of invisibility {unknown}
 v - a potion of stabbing {unknown}
 w - a potion of heal wounds
Comestibles
 e - 10 rations
 r - a chunk of flesh


   Skills:
 + Level 5.2 Fighting
 * Level 6.5 Axes
 + Level 4.8 Armour
 + Level 4.8 Shields


You had 6 spell levels left.
You didn't know any spells.
Your spell library was empty.

Dungeon Overview and Level Annotations

Branches:
Dungeon (4/15)
 Temple: D:4-7

Altars:
Ashenzari
Nemelex Xobeh

Annotations:
D:4 Pikel


Message History

You feel sick.
Pikel hits you with a +0 whip of electrocution.
You block Pikel's attack.
You closely miss Pikel.
Pikel is almost dead.
Pikel barely misses you.
You hit Pikel.
Pikel is almost dead.
Pikel hits you but does no damage.
You closely miss Pikel.
Pikel is almost dead.
You feel sick.
Pikel hits you with a +0 whip of electrocution.
You closely miss Pikel.
Pikel is almost dead.
Pikel hits you with a +0 whip of electrocution.
You are electrocuted!!
* * * LOW HITPOINT WARNING * * *
Pikel hits you with a +0 whip of electrocution.
You die...

## ############
#..........# ##########.##
######..##### #########
#.....#.##... .....?..#
#.....#..#...
....[..p#######.....##.#...
......pwpK@.........'......
.......p#######.....##.#...
.......## #.....##.#.).
....... #.....##.....
....... #.....###....
....... #.....# #.###
....... ####### #..#
..$.... ##.# #.#


You could see Pikel, 4 slaves and a worm.

Vanquished Creatures
  A phantom (D:3)
  An ogre (D:4)
  A howler monkey (D:4)
  An orc wizard (D:3)
  3 worker ants
  Ijyb (D:4)
  4 adders
  2 worms
  2 dart slugs (D:1)
  2 leopard geckos (D:2)
  9 orcs
  3 giant cockroaches
  6 goblins
  3 hobgoblins
  10 jackals
  3 quokkas
  A ball python (D:1)
  10 bats
  12 frilled lizards
  11 kobolds
  A leopard gecko skeleton (D:4)
  9 rats
96 creatures vanquished.

Notes
Turn   | Place    | Note
-------+----------+-------------------------------------------
     0 | D:1      | Flugslaktarn the Hill Orc Fighter began the quest for the
                  | Orb.
     0 | D:1      | Reached XP level 1. HP: 19/19 MP: 1/1
    55 | D:1      | Reached skill level 3 in Axes
    61 | D:1      | Reached XP level 2. HP: 21/27 MP: 2/2
   403 | D:1      | Reached XP level 3. HP: 30/33 MP: 3/3
   643 | D:1      | You fall into a shaft and drop 1 floor!
   924 | D:2      | Reached skill level 4 in Axes
   992 | D:2      | Reached XP level 4. HP: 40/40 MP: 4/4
  1263 | D:2      | Found a shattered altar of Ashenzari.
  2016 | D:3      | Reached XP level 5. HP: 46/47 MP: 5/5
  2017 | D:3      | Noticed a phantom
  2083 | D:3      | Killed a phantom
  2083 | D:3      | Reached skill level 5 in Axes
  2083 | D:3      | Reached XP level 6. HP: 21/53 MP: 6/6
  2336 | D:3      | Found a sparkling altar of Nemelex Xobeh.
  2898 | D:4      | Noticed an orc warrior
  3267 | D:4      | Reached skill level 5 in Fighting
  3517 | D:4      | Reached skill level 6 in Axes
  3821 | D:4      | Reached XP level 7. HP: 53/61 MP: 7/7
  4023 | D:4      | Noticed Ijyb
  4032 | D:4      | Noticed Pikel
  4034 | D:4      | Killed Ijyb
  4054 | D:4      | HP: 3/61 [Pikel/+0 whip of electrocution (18)]
  4054 | D:4      | Slain by Pikel

Illustrated notes

Levels and vault maps discovered:
D:1:      minmay_arrival_hallway, layout_rooms
D:2:      layout_basic, nicolae_overflow_hidden_temple, minmay_pentomino_o2
D:3:      layout_rooms, lemuel_doored_altar, roderic_cross_of_infinity,
          minmay_curled_crystal, st_stairs_5, minmay_misc_feat_pillars
D:4:      layout_basic, makhleb_altar_promises_db, first_ration, serial_shops,
          shop_statue, uniq_ijyb, uniq_pikel

Skill      XL: |  1  2  3  4  5  6 |
---------------+-------------------+-----
Axes           | 3 4 5 6 |  6.5
Fighting       | 4 5 |  5.2
Armour         | 4 |  4.8
Shields        | 4 |  4.8

Action                   |  1- 3 |  4- 6 |  7- 9 || total
-------------------------+-------+-------+-------++-------
Melee: War axe           |    81 |   262 |    40 ||   383
  Use: Potion            |     3 |       |       ||     3
  Eat: Chunk             |       |     6 |     1 ||     7
       Ration            |       |     1 |       ||     1
Armor: Scale mail        |    32 |       |       ||    32
       Chain mail        |       |   173 |    11 ||   184
Dodge: Dodged            |    28 |    77 |     7 ||   112
Block: Kite shield       |    40 |   147 |    18 ||   205

Table legend:
 A = Non-vault XP
 B = Vault XP
 C = Vault XP percentage of total XP
 D = Non-vault monster count
 E = Vault monster count
 F = Vault count percentage of total count
                 A         B        C        D         E       F
            +---------+---------+-------+---------+---------+-------
      Total |     642 |      37 |   5.4 |      92 |       4 |   4.2
            +---------+---------+-------+---------+---------+-------
        D:1 |      43 |       0 |   0.0 |      28 |       0 |   0.0
        D:2 |      90 |       2 |   2.2 |      20 |       1 |   4.8
        D:3 |     221 |       3 |   1.3 |      24 |       2 |   7.7
        D:4 |     288 |      32 |  10.0 |      20 |       1 |   4.8
            +---------+---------+-------+---------+---------+-------
